 Dungeon Crawl Stone Soup version 0.28-a0-1117-g0bdd5ba030 (webtiles) character file.

Game seed: 13657683843309420646

137 SensoryNuts the Slasher (level 5, -1/39 HPs)
             Began as a Demonspawn Gladiator on Dec 11, 2021.
             Slain by a gnoll sergeant (7 damage)
             ... on level 5 of the Dungeon.
             The game lasted 00:02:52 (2387 turns).

SensoryNuts the Slasher (Demonspawn Gladiator)      Turns: 2387, Time: 00:02:55

Health: -1/39      AC: 13    Str: 16      XL:     5   Next: 0%
Magic:  5/5        EV:  5    Int:  3 (10) God:
Gold:   61         SH:  0    Dex:  6 (14) Spells: 4/4 levels left

rFire   . . .      SeeInvis .   a - +1 long sword (elec)
rCold   . . .      Faith    .   (no shield)
rNeg    . . .      Spirit   .   f - +0 plate armour
rPois   .          Reflect  .   c - +0 helmet
rElec   .          Harm     .   (no cloak)
rCorr   .          Rampage  .   (no gloves)
Will    .....                   (no boots)
Stlth   ..........              (no amulet)
HPRegen 0.13/turn               (no ring)
MPRegen 0.09/turn               (no ring)

@: very slow
A: thin metallic scales 1, demonic magic 1, demonic touch 2
a: no special abilities


You were on level 5 of the Dungeon.
You visited 1 branch of the dungeon, and saw 4 of its levels.

You collected 61 gold pieces.

Inventory:

Hand Weapons
 a - a +1 long sword of electrocution (weapon)
Missiles
 d - 3 throwing nets (quivered)
Armour
 b - a +0 leather armour
 c - a +0 helmet (worn)
 f - a +0 plate armour (worn)
 o - a +2 robe of cold resistance
Scrolls
 i - 2 scrolls of amnesia
 j - 2 scrolls of brand weapon
 k - a scroll of noise
Potions
 e - 2 potions of heal wounds {unknown}
 g - a potion of brilliance {unknown}
 l - 2 potions of curing
 m - a potion of attraction


   Skills:
 + Level 2.4 Fighting
 + Level 4.0 Long Blades
 + Level 1.9 Throwing
 + Level 1.2 Armour
 + Level 3.5 Dodging
 + Level 0.4 Stealth


You had 4 spell levels left.
You didn't know any spells.
Your spell library was empty.

Dungeon Overview and Level Annotations

Branches:
Dungeon (5/15)
 Temple: D:4-7

Altars:
Cheibriados


Innate Abilities, Weirdness & Mutations

You are partially covered in thin metallic scales. (AC +2)
Spells you cast may paralyse adjacent enemies.
Your touch may inflict irresistible damage on your foes.


Message History

You are frozen.
* * * LOW HITPOINT WARNING * * *
You climb downwards.
Reactivating autopickup.
Found 3 scrolls labelled JOHYDESIMN and a scroll labelled IHIUGI BOJEI.
There is a stone staircase leading up here.
You hit the endoplasm. Your touch misses the endoplasm.
The endoplasm is heavily wounded.
The endoplasm freezes you.
You are frozen.
* * * LOW HITPOINT WARNING * * *
You hit the endoplasm. Your touch misses the endoplasm.
The endoplasm is severely wounded.
The endoplasm hits you but does no damage.
You hit the endoplasm.
You kill the endoplasm!
You have reached level 5!
Your demonic ancestry asserts itself...
Your hands glow brighter with unholy energy.
h - a scroll labelled IHIUGI BOJEI
Found 5 gold pieces.
j - 3 scrolls labelled JOHYDESIMN
As you read the scroll labelled IHIUGI BOJEI, it crumbles to dust.
You feel strangely unstable.
It was a scroll of teleportation.
Unknown command.
As you read the scroll labelled CIEBOKHL ZAOFIN, it crumbles to dust.
It is a scroll of amnesia.
You feel forgetful for a moment.
As you read the scroll labelled JOHYDESIMN, it crumbles to dust.
It is a scroll of brand weapon.
Your +1 long sword crackles with electricity.
a - a +1 long sword of electrocution (weapon)
Unknown command.
Your surroundings suddenly seem different. 3 gnolls and a gnoll sergeant come into view.
The gnoll sergeant is wielding a +2 trident of pain.
The gnoll sergeant shouts!
The gnoll shouts! x3
The gnoll closely misses you.
The gnoll sergeant hits you from afar with a +2 trident of pain!
You die...

########
.......#
#......#
#..gg..#
#..g...#
#..g...#
#@.....#
########


You could see a gnoll sergeant and 3 gnolls.

Vanquished Creatures
  5 gnolls
  5 adders (D:2)
  10 bats
  3 endoplasms
  2 giant cockroaches (D:2)
  5 goblins
  3 hobgoblins
  A quokka (D:1)
  2 ball pythons (D:2)
  3 frilled lizards (D:1)
  A kobold (D:4)
  7 rats
47 creatures vanquished.

Notes
Turn   | Place    | Note
-------+----------+-------------------------------------------
     0 | D:1      | SensoryNuts the Demonspawn Gladiator began the quest for
                  | the Orb.
     0 | D:1      | Reached XP level 1. HP: 16/16 MP: 1/1
   191 | D:1      | Gained mutation: You are partially covered in thin metallic
                  | scales. (AC +2) [demonic ancestry]
   191 | D:1      | Reached XP level 2. HP: 21/22 MP: 2/2
   295 | D:1      | Reached skill level 3 in Long Blades
   426 | D:1      | Found a faded altar of an unknown god.
   509 | D:1      | Prayed at the altar of an unknown god.
   509 | D:1      | Became a worshipper of Cheibriados the Contemplative
   509 | D:1      | Reached * piety under Cheibriados
   925 | D:1      | Fell from the grace of Cheibriados
   960 | D:2      | Gained mutation: Your touch may inflict minor irresistible
                  | damage on your foes. [demonic ancestry]
   960 | D:2      | Reached XP level 3. HP: 21/27 MP: 3/3
  1100 | D:2      | Gained mutation: Spells you cast may paralyse adjacent
                  | enemies. [demonic ancestry]
  1100 | D:2      | Reached XP level 4. HP: 6/33 MP: 4/4
  1424 | D:2      | Reached skill level 1 in Armour
  2302 | D:2      | You fall into a shaft and drop 2 floors!
  2313 | D:4      | Reached skill level 4 in Long Blades
  2336 | D:4      | HP: 1/34 [gnoll shaman (5)]
  2363 | D:5      | Entered Level 5 of the Dungeon
  2367 | D:5      | Gained mutation: Your touch may inflict irresistible damage
                  | on your foes. [demonic ancestry]
  2367 | D:5      | Reached XP level 5. HP: 2/39 MP: 5/5
  2387 | D:5      | Slain by a gnoll sergeant

Illustrated notes

Levels and vault maps discovered:
D:1:      scummos_arrival_star, layout_basic, ebering_ecumenical_altar_box,
          chequers_serial_rivers_micro_a
D:2:      cheibrodos_old_hovel, layout_basic, chequers_garden, chequers_avenue
D:4:      layout_basic, serial_shops, nicolae_shop_hallway_plus
D:5:      layout_gridville, mainiacjoe_overflow_cross_hatched, serial_shops,
          nicolae_shop_stone, uniq_duvessa, uniq_grinder

Skill      XL: |  1  2  3  4 |
---------------+-------------+-----
Dodging        | 3 |  3.5
Long Blades    | 3 4 |  4.0
Armour         | 1 |  1.2
Fighting       | |  2.4
Throwing       | |  1.9
Stealth        | |  0.4

Action                   |  1- 3 |  4- 6 || total
-------------------------+-------+-------++-------
Melee: Long sword        |    74 |    50 ||   124
       Touch             |     4 |     3 ||     7
Invok: Renounce Religion |     1 |       ||     1
  Use: Potion            |     3 |     1 ||     4
       Scroll            |       |    11 ||    11
 Stab: Sleeping          |       |     1 ||     1
Armor: Leather armour    |    44 |     4 ||    48
       Plate armour      |       |    40 ||    40
       Robe              |       |    11 ||    11
Dodge: Dodged            |    74 |    21 ||    95

Table legend: (Time is in decaauts)
 A = Elapsed time spent in this place.
 B = Non-inter-level travel time spent in this place.
 C = Inter-level travel time spent in this place.
 D = Time resting spent in this place.
 E = Time spent auto-exploring this place.
 F = Levels seen in this place.
 G = Mean time per level.
                   A        B        C        D        E       F      G
               +--------+--------+--------+--------+--------+-----+--------+
         Total |   2781 |   2781 |      0 |      0 |   2213 |   4 |  695.2 |
       Dungeon |   2781 |   2781 |      0 |      0 |   2213 |   4 |  695.2 |
               +--------+--------+--------+--------+--------+-----+--------+

Top non-repeatable levels by time:
     D:2: 1589 daAuts
     D:1: 1081 daAuts
     D:4: 80 daAuts
     D:5: 30 daAuts
